 Dungeon Crawl Stone Soup version 0.22.1-2-g9c5b331 (webtiles) character file.

108 Gearfox the Skirmisher (level 4, 0/45 HPs)
             Began as a Hill Orc Fighter on Nov 28, 2018.
             Was an Initiate of Okawaru.
             Killed from afar by an orc wizard (4 damage)
             ... with a puff of frost
             ... on level 3 of the Dungeon.
             The game lasted 00:08:15 (2389 turns).

Gearfox the Skirmisher (Hill Orc Fighter)           Turns: 2389, Time: 00:08:16

Health: 0/45       AC:  8    Str: 24    XL:     4   Next: 87%
Magic:  1/4        EV:  7    Int:  8    God:    Okawaru [......]
Gold:   86         SH:  9    Dex: 10    Spells: 3/3 levels left

rFire    . . .     SeeInvis .   a - +0 war axe
rCold    . . .     Gourm    .   c - +0 shield
rNeg     . . .     Faith    .   b - +0 scale mail
rPois    .         Spirit   .   (no helmet)
rElec    .         Reflect  .   (no cloak)
rCorr    .         Harm     .   h - +0 pair of gloves
MR       .....                  (no boots)
Stlth    ..........             (no amulet)
HPRegen  0.15/turn              (no ring)
MPRegen  0.09/turn              (no ring)

@: mighty
A: no striking features
a: Renounce Religion


You were on level 3 of the Dungeon.
You worshipped Okawaru.
Okawaru was noncommittal.
You were not hungry.

You visited 1 branch of the dungeon, and saw 3 of its levels.

You collected 86 gold pieces.

Inventory:

Hand Weapons
 a - a +0 war axe (weapon)
Armour
 b - a +0 scale mail (worn)
 c - a +0 shield (worn)
 h - a +0 pair of gloves (worn)
Scrolls
 e - a scroll of teleportation
 k - a scroll of amnesia
 l - a scroll of remove curse
Potions
 g - a potion of flight {unknown}
 i - a potion of agility
 m - a potion of haste
 n - 2 potions of curing {unknown}
 o - a potion of magic {unknown}
Comestibles
 f - 5 rations


   Skills:
 * Level 6.5 Fighting
 - Level 2.6 Axes
 - Level 3.2 Armour
 - Level 3.2 Shields


You had 3 spell levels left.
You didn't know any spells.
Your spell library was empty.

Dungeon Overview and Level Annotations

Branches:
Dungeon (3/15)

Altars:
Okawaru
Uskayaw
Vehumet


Message History

The orc wizard casts a spell at you.
The magic dart hits something.
Reactivating autopickup.
You feel a bit more experienced. The kobold hits you but does no damage.
You closely miss the kobold. You block the kobold's attack.
You closely miss the kobold.
The kobold hits you but does no damage. x2
You hit the kobold.
The kobold is moderately wounded.
You block the kobold's attack.
You slash the kobold!
You kill the kobold!
Okawaru accepts your kill.
The orc wizard hits you but does no damage. x2
You closely miss the orc wizard. The orc wizard casts a spell at you.
The puff of flame hits you!
* * * LOW HITPOINT WARNING * * *
The orc wizard points at you and mumbles some strange words.
The puff of frost hits you!
You die...

..... #......#<..#
.... #.##......#.#.#
#(#.##.........###.#
#o#..#..#..........#
#o##.#..#........[..
#.# ....####........
#.# #...# #........
#.###...# #........
#oo@....# #........
######.#####.#######
#....>......# #
#.##.######## # #..
....... #.. #######
#.. ###


You could see an orc wizard and an orc.

Vanquished Creatures
  A howler monkey (D:2)
  An adder (D:2)
  A dart slug (D:2)
  3 orcs
  A ball python (D:1)
  6 bats
  A giant cockroach (D:1)
  10 goblins
  5 hobgoblins
  10 kobolds
  2 frilled lizards (D:2)
  5 rats
46 creatures vanquished.

Vanquished Creatures (others)
  An orc wizard (D:3)
1 creature vanquished.

Grand Total: 47 creatures vanquished

Notes
Turn   | Place    | Note
-------+----------+-------------------------------------------
     0 | D:1      | Gearfox the Hill Orc Fighter began the quest for the Orb.
     0 | D:1      | Reached XP level 1. HP: 19/19 MP: 1/1
   336 | D:1      | Reached skill level 4 in Fighting
   374 | D:1      | Reached XP level 2. HP: 24/27 MP: 2/2
  1053 | D:1      | Reached skill level 5 in Fighting
  1053 | D:1      | Reached XP level 3. HP: 35/36 MP: 3/3
  1245 | D:2      | Found an iron altar of Okawaru.
  1248 | D:2      | Became a worshipper of Warmaster Okawaru
  1310 | D:2      | Found a radiant altar of Vehumet.
  1721 | D:2      | Reached skill level 6 in Fighting
  1721 | D:2      | Reached XP level 4. HP: 34/44 MP: 4/4
  1906 | D:2      | Found a hide-covered altar of Uskayaw.
  2389 | D:3      | Killed from afar by an orc wizard

Skill      XL: |  1  2  3 |
---------------+----------+-----
Fighting       | 4 5 6 |  6.5
Axes           | |  2.6
Armour         | |  3.2
Shields        | |  3.2

Action                   |  1- 3 |  4- 6 || total
-------------------------+-------+-------++-------
Melee: War axe           |   143 |    38 ||   181
  Use: Scroll            |     4 |     3 ||     7
       Potion            |       |     1 ||     1
  Eat: Chunk             |     3 |       ||     3
       Ration            |       |     1 ||     1
Armor: Scale mail        |   108 |    20 ||   128
Dodge: Dodged            |    62 |    13 ||    75
Block: Shield            |    77 |    14 ||    91
